 Seeded DCSS version 0.28.0-53-g5a82cb258f (webtiles) character file.

Game seed: 12646791263056600687 (custom seed)

1 purpskrrrp the Sneak (level 1, -3/14 HPs)
             Began as a Gargoyle Delver on July 25, 2022.
             Slain by a howler monkey (5 damage)
             ... on level 4 of the Dungeon.
             The game lasted 00:00:32 (62 turns).

purpskrrrp the Sneak (Gargoyle Delver)                Turns: 62, Time: 00:00:33

Health: -3/14      AC:  5    Str: 15    XL:     1   Next: 20%
Magic:  1/1        EV: 15    Int: 10    God:
Gold:   0          SH:  0    Dex: 11    Spells: 0/0 levels left

rFire   . . .      SeeInvis .   a - +0 mace
rCold   . . .      Faith    .   (no shield)
rNeg    + . .      Spirit   .   b - +0 leather armour
rPois   ∞          Reflect  .   (no helmet)
rElec   +          Harm     .   (no cloak)
rCorr   .          Rampage  .   (no gloves)
Will    .....                   (no boots)
Stlth   +++.......              (no amulet)
HPRegen 0.04/turn               c - +4 ring of evasion
MPRegen 0.07/turn               (no ring)

@: no status effects
A: sickness immunity, AC +2, negative energy resistance 1, electricity
resistance, torment resistance 1, petrification resistance
a: no special abilities


You were on level 4 of the Dungeon.
You visited 1 branch of the dungeon, and saw 2 of its levels.

Inventory:

Hand Weapons
 a - a +0 mace (weapon)
Armour
 b - a +0 leather armour (worn)
Jewellery
 c - a +4 ring of evasion (left hand)
Wands
 g - a wand of digging (3)
Scrolls
 d - a scroll of magic mapping
 e - a scroll of fear
Potions
 f - a potion of haste
 h - a potion of heal wounds {unknown}


   Skills:
 + Level 3.2 Fighting
 + Level 2.0 Maces & Flails
 + Level 1.7 Dodging
 + Level 5.4 Stealth


You couldn't memorise any spells.
You didn't know any spells.
Your spell library was empty.

Dungeon Overview and Level Annotations

Branches:
Dungeon (5/15)
 Temple: D:4-7

Altars:


Innate Abilities, Weirdness & Mutations

You are immune to sickness and miasma.
Your stone body is resilient. (AC +2)
You are immune to poison.
You resist negative energy. (rN+)
You are resistant to electric shocks. (rElec)
You are resistant to unholy torment.
You are immune to petrification.


Message History

As you read the scroll of fog, it crumbles to dust.
The scroll dissolves into smoke.
As you read the scroll labelled TIUGICL YTEQ, it crumbles to dust.
The air around you briefly surges with heat, but it dissipates.
It was a scroll of immolation.
Unknown command.
c - a +4 ring of evasion
c - a +4 ring of evasion (left hand)
A goblin comes into view. It is wielding a +0 club.
The goblin moves out of view.
There is a stone staircase leading down here.
Found 10 stones.
There is an escape hatch in the floor here.
A goblin comes into view. It is wielding a +0 dagger.
You see here a fuming green potion.
h - a fuming green potion The goblin shouts!
A worm comes into view.
Found a scroll labelled PUOROA BOMOJUS.
A howler monkey comes into view.
Found a stone staircase leading up.
The goblin closely misses you. The goblin barely misses you.
The goblin barely misses you.
You see here 10 stones.
Found 2 boomerangs.
The goblin hits you but does no damage.
You see here a scroll labelled PUOROA BOMOJUS.
An adder comes into view.
The howler monkey howls!
The adder hisses angrily.
You closely miss the goblin. The howler monkey closely misses you.
The adder barely misses you. The goblin completely misses you.
The howler monkey hits you!
Ouch! That really hurt!
The adder bites you but does no damage.
You closely miss the goblin. You punch the goblin.
You kill the goblin!
The howler monkey hits you. The adder bites you.
* * * LOW HITPOINT WARNING * * *
The howler monkey hits you.
You die...

...... .# ..... ....#
..#..... ....#
##.w.#####........
##..###...............#
......##.... .... ....#.
..........####..##......
.......#..##.##.#.......
..>....#.w#.............
.........(...?.)@S..#
............##..h...#
............##..........
............##.....(....
............h.......#.#.
#######............## #
#........#..##
##....<..#...


You could see a worm, a howler monkey and an adder.

Vanquished Creatures
  A giant cockroach (D:4)
  A goblin (D:4)
2 creatures vanquished.

Notes
Turn   | Place    | Note
-------+----------+-------------------------------------------
     0 | D:5      | purpskrrrp the Gargoyle Delver began the quest for the Orb.
     0 | D:5      | Reached XP level 1. HP: 14/14 MP: 1/1
    50 | D:4      | Noticed a howler monkey
    62 | D:4      | Slain by a howler monkey

Illustrated notes

Levels and vault maps discovered:
D:4:      layout_cave_pools, pf_just_have_faith, minmay_misc_feat_encased
D:5:      layout_basic, minmay_temple_entry_stoned_glass, serial_shops,
          nicolae_shop_waterfront

Action                   || total
-------------------------++-------
Melee: Mace              ||     3
       Punch             ||     1
  Use: Scroll            ||     2
Armor: Leather armour    ||     2
Dodge: Dodged            ||     6
